 Dungeon Crawl Stone Soup version 0.25-a0-667-gb977e01cb5 (webtiles) character file.

Game seed: 3866559879676076385, levelgen mode: deterministic

83 kae the Gusty (level 4, 0/24 HPs)
             Began as a Tengu Air Elementalist on Mar 27, 2020.
             Succumbed to an orc wizard's poison
             ... on level 3 of the Dungeon.
             The game lasted 00:02:09 (2101 turns).

kae the Gusty (Tengu Air Elementalist)              Turns: 2101, Time: 00:02:09

Health: 0/24       AC:  2    Str:  8    XL:     4   Next: 44%
Magic:  3/8        EV: 13    Int: 16    God:
Gold:   103        SH:  0    Dex: 15    Spells: 2/8 levels left

rFire    . . .     SeeInvis .   (no weapon)
rCold    . . .     Gourm    .   (no shield)
rNeg     . . .     Faith    .   a - +0 robe
rPois    .         Spirit   .   (helmet restricted)
rElec    .         Reflect  .   (no cloak)
rCorr    .         Harm     .   (no gloves)
MR       .....                  (boots unavailable)
Stlth    ++........             (no amulet)
HPRegen  0.08/turn              (no ring)
MPRegen  0.11/turn              (no ring)

@: lethally poisoned (0 -> -9), very slightly contaminated, invisible
A: beak, talons 3
a: no special abilities


You were on level 3 of the Dungeon.
You were hungry.

You visited 1 branch of the dungeon, and saw 3 of its levels.

You collected 103 gold pieces.

Inventory:

Armour
 a - a +0 robe (worn)
Jewellery
 b - a +5 amulet of reflection {unknown}
Comestibles
 c - 8 rations


   Skills:
 - Level 2.1 Dodging
 - Level 2.0 Stealth
 + Level 2.6 Spellcasting
 * Level 4.0 Conjurations
 + Level 4.8 Air Magic


You had 2 spell levels left.
You knew the following spells:

 Your Spells              Type           Power        Failure   Level  Hunger
a - Shock                 Conj/Air       ###.         3%          1    #......
b - Static Discharge      Conj/Air       ###.....     10%         3    ###....
c - Swiftness             Chrm/Air       #.......     11%         2    ##.....

Your spell library contained the following spells:

 Spells                   Type           Power        Failure   Level  Hunger
 Airstrike                Air            ###.......   26%         4    #####..
 Lightning Bolt           Conj/Air       ###.......   65%         5    ######.


Dungeon Overview and Level Annotations

Branches:
Dungeon (3/15)

Altars:
Sif Muna
Wu Jian

Annotations:
D:3 3 runed translucent doors, liluieth's ghost, amateur DsCK


Innate Abilities, Weirdness & Mutations

You have a beak for a mouth.
You have claws for feet.


Message History

You bump into the rock wall.
The orc wizard barely misses you.
You barely miss the orc wizard.
The orc wizard is severely wounded.
The orc wizard hits you with a +1 dagger of venom!
* * * LOW HITPOINT WARNING * * *
You are lethally poisoned!
It was a potion of invisibility.
You fade into invisibility!
You feel less confused.
* * * LOW HITPOINT WARNING * * *
You feel sick.
The orc wizard hits you but does no damage.
You are very lightly contaminated with residual magic.
Casting: Shock (safe; 3% risk of failure)
Confirm with . or Enter, or press ? or * to list all spells.
Aiming: Shock (safe; 3% risk of failure)
Press: ? - help, Shift-Dir - straight line The zap misses the orc wizard.
The zap hits the orc wizard.
You kill the orc wizard!
Your Conjurations skill increases to level 4!
You die...

#.# #..#
#.########..##
#..^.....g.#.##
####.....###.###.##
#........##.##
##.####.#
###........##
##.....#
#.#...###.##
##.###### #.##.##
##)###.## #####..#
##@#.## ##P⌠P##.#
##<##
#...KK#.#######.#
..###K+.........#
$.KKKK+..########
$.###W+.##
#..KKK#.# ##P⌠P##.#
#####..#


There were no monsters in sight!

Vanquished Creatures
  An orc wizard (D:3)
  An adder (D:2)
  A worm (D:2)
  4 leopard geckos
  An orc (D:3)
  3 giant cockroaches
  2 goblins
  7 hobgoblins
  2 jackals (D:2)
  A ball python (D:1)
  6 bats
  3 frilled lizards (D:1)
  2 kobolds (D:1)
  8 rats
42 creatures vanquished.

Vanquished Creatures (others)
  2 fungi (D:3)
2 creatures vanquished.

Grand Total: 44 creatures vanquished

Notes
Turn   | Place    | Note
-------+----------+-------------------------------------------
     0 | D:1      | kae the Tengu Air Elementalist began the quest for the Orb.
     0 | D:1      | Reached XP level 1. HP: 10/10 MP: 4/4
   162 | D:1      | Reached XP level 2. HP: 15/15 MP: 0/6
   626 | D:1      | Reached XP level 3. HP: 19/19 MP: 2/7
  1309 | D:2      | Found an ornate altar of the Wu Jian Council.
  1758 | D:2      | Found a shimmering blue altar of Sif Muna.
  1974 | D:3      | Learned a level 3 spell: Static Discharge
  1977 | D:3      | Learned a level 2 spell: Swiftness
  1996 | D:3      | Found a runed translucent gate.
  1996 | D:3      | Found a runed translucent gate.
  1997 | D:3      | Noticed a big kobold
  1998 | D:3      | Found a runed translucent gate.
  1998 | D:3      | Noticed liluieth's ghost (amateur DsCK)
  1999 | D:3      | Identified the +10 short sword "Testach" {venom, MR+ Str-3
                  | Int+8 SInv}
  2038 | D:3      | Reached XP level 4. HP: 24/24 MP: 4/8
  2100 | D:3      | HP: 1/24 [poisoned by an orc wizard]
  2101 | D:3      | Succumbed to an orc wizard's poison

Levels and vault maps discovered:
D:1:      lightli_arrival_noodles, layout_basic
D:2:      layout_rooms, led_sif_pool, nicolae_overflow_crystal_walls
D:3:      layout_loops_ring, gammafunk_ghost_nasty_kobolds,
          chequers_ecumenical_altar_grove, grunt_ministairs_15, kennysheep_nub,
          minmay_misc_feat_iff, uniq_sigmund

Skill      XL: |  1  2  3  4 |
---------------+-------------+-----
Conjurations   | 2 3 4 |  4.0
Dodging        | |  2.1
Stealth        | |  2.0
Spellcasting   | |  2.6
Air Magic      | |  4.8

Action                   |  1- 3 |  4- 6 || total
-------------------------+-------+-------++-------
Melee: Unarmed           |    52 |     2 ||    54
       Kick              |     8 |       ||     8
       Peck              |     6 |       ||     6
 Cast: Shock             |    84 |     9 ||    93
  Use: Scroll            |     3 |       ||     3
       Potion            |     2 |     1 ||     3
 Stab: Distracted        |     1 |       ||     1
  Eat: Chunk             |     4 |       ||     4
Armor: Robe              |    16 |     1 ||    17
       Skin              |     1 |       ||     1
Dodge: Dodged            |    43 |     1 ||    44

Table legend:
 A = Non-vault XP
 B = Vault XP
 C = Vault XP percentage of total XP
 D = Non-vault monster count
 E = Vault monster count
 F = Vault count percentage of total count
                 A         B        C        D         E       F
            +---------+---------+-------+---------+---------+-------
      Total |     119 |       0 |   0.0 |      42 |       0 |   0.0
            +---------+---------+-------+---------+---------+-------
        D:1 |      45 |       0 |   0.0 |      28 |       0 |   0.0
        D:2 |      34 |       0 |   0.0 |      11 |       0 |   0.0
        D:3 |      40 |       0 |   0.0 |       3 |       0 |   0.0
            +---------+---------+-------+---------+---------+-------
